 Dungeon Crawl Stone Soup version 0.29-a0-824-gd827844252 (webtiles) character file.

Game seed: 6721046928599456537

320 jimonade the Shield-Bearer (level 6, -1/48 HPs)
             Began as a Formicid Fighter on July 9, 2022.
             Slain by an ogre
             ... wielding a +0 giant club
              (25 damage)
             ... on level 3 of the Dungeon.
             The game lasted 00:09:10 (3148 turns).

jimonade the Shield-Bearer (Formicid Fighter)       Turns: 3148, Time: 00:09:10

Health: -1/48      AC:  9    Str: 21    XL:     6   Next: 75%
Magic:  9/9        EV:  7    Int:  9    God:
Gold:   122        SH:  5    Dex: 13    Spells: 9/9 levels left

rFire   + + .      SeeInvis +   a - +0 quarterstaff
rCold   . . .      Faith    .   c - +0 buckler
rNeg    . . .      Spirit   .   v - +0 chain mail {rF+}
rPois   .          Reflect  .   (helmet unavailable)
rElec   .          Harm     .   (no cloak)
rCorr   .          Rampage  .   (no gloves)
Will    .....                   (no boots)
Stlth   ..........              (no amulet)
HPRegen 0.16/turn               y - ring of protection from fire
MPRegen 0.11/turn               (no ring)

@: no status effects
A: permanent stasis, dig shafts and tunnels, antennae 3, four strong arms
a: Dig, Shaft Self


You were on level 3 of the Dungeon.
You visited 1 branch of the dungeon, and saw 4 of its levels.

You collected 144 gold pieces.
You spent 22 gold pieces at shops.

Inventory:

Hand Weapons
 a - a +0 quarterstaff (weapon)
 q - a +4 short sword of electrocution
 A - a +0 trident
Missiles
 p - 21 stones
 t - 4 poisoned darts
Armour
 b - a +0 scale mail
 c - a +0 buckler (worn)
 f - a +0 ring mail
 m - a scarf of shadows
 o - a +0 chain mail
 v - a +0 chain mail of fire resistance (worn)
Jewellery
 y - a ring of protection from fire (left hand)
Scrolls
 i - 3 scrolls of magic mapping {unknown}
 l - 2 scrolls of acquirement {unknown}
 r - a scroll of enchant armour {unknown}
 s - a scroll of fear {unknown}
 w - a scroll of immolation {unknown}
 x - a scroll of amnesia {unknown}
 z - 2 scrolls of teleportation {unknown}
 B - 2 scrolls of blinking {unknown}
Potions
 d - 3 potions of might
 h - 4 potions of heal wounds
 j - a potion of resistance
 n - 8 potions of curing
 u - a potion of mutation {unknown}


   Skills:
 + Level 4.1 Fighting
 + Level 4.3 Staves
 + Level 4.3 Armour
 + Level 0.4 Dodging
 + Level 4.7 Shields
 * Level 2.4 Spellcasting


You had 9 spell levels left.
You didn't know any spells.
Your spell library contained the following spells:

 Spells                   Type           Power      Damage    Failure   Level
 Inner Flame              Hex/Fire       1%         N/A       100%        3
 Cause Fear               Hex            0%         N/A       100%        4
 Discord                  Hex            0%         N/A       100%        8


Dungeon Overview and Level Annotations

Branches:
Dungeon (4/15)
 Temple: D:4-7

Altars:

Shops:
D:3 ?   D:4 [


Innate Abilities, Weirdness & Mutations

You cannot be hasted, slowed, berserked, paralysed or teleported.
You can dig through walls and to a lower floor.
You have a pair of large antennae on your head. (SInv)
Your four strong arms can wield two-handed weapons with a shield.


Message History

The ogre hits you with a +0 giant club!
The jackal bites you but does no damage. x4
You climb upwards.
There is a stone staircase leading down here.
The ogre attacks as you move away! The ogre closely misses you.
The jackal barely misses you. You block the jackal's attack.
You hit the jackal.
The jackal is moderately wounded.
The jackal bites you.
You hit the jackal but do no damage.
The jackal is moderately wounded.
The jackal barely misses you. The jackal closely misses you.
You hit the jackal.
The jackal is heavily wounded.
The jackal bites you but does no damage.
You hit the jackal.
You kill the jackal!
The ogre completely misses you.
The jackal bites you but does no damage.
You hit the ogre but do no damage.
The jackal bites you but does no damage.
The ogre barely misses you.
You hit the ogre.
The ogre is lightly wounded.
The jackal bites you but does no damage.
You hit the ogre.
The ogre is lightly wounded.
You block the jackal's attack. The ogre barely misses you.
The jackal bites you but does no damage.
You thump the ogre!
The ogre is heavily wounded.
The jackal bites you. The ogre hits you with a +0 giant club!
The jackal bites you but does no damage.
You hit the ogre.
The ogre is heavily wounded.
The jackal bites you but does no damage.
The ogre hits you with a +0 giant club!!
Ouch! That really hurt!
You die...

#############.##.###.##.##...###.
#....########..#.# #..#....###.#.
.....+.##......#.# ##...)###.#..#
#....#.##........# #.).###.#[.#.#
#....#.##........# #.###.#..#.###
#....#.##........# #'#.#..#.###.)
#......##.......># #......###...#
.......##......#h# ##.#..#.##..##
.......##......#@# ###.#..#.##...
...###.##......O.# #.##.#..#.##..
...# #.##........# #..##.#..#.##.
...# #..+........# ##..##.#..#.##
...######.......## #..).##.#..#.#
.......##.......# #.##.†##.#..#.
.......##.......# ###....##.#..#
##.....#........# #...##..##.#..
#.....#........# #.###...###...


You could see an ogre and a jackal.

Vanquished Creatures
  Sigmund (D:3)
  8 adders
  3 dart slugs
  7 orcs
  7 ball pythons
  4 endoplasms
  3 giant cockroaches
  4 goblins
  4 hobgoblins
  12 jackals
  3 kobolds (D:3)
  2 quokkas (D:1)
  6 bats
  4 frilled lizards (D:3)
  11 rats
79 creatures vanquished.

Notes
Turn   | Place    | Note
-------+----------+-------------------------------------------
     0 | D:1      | jimonade the Formicid Fighter began the quest for the Orb.
     0 | D:1      | Reached XP level 1. HP: 18/18 MP: 1/1
    73 | D:1      | Reached XP level 2. HP: 24/24 MP: 2/2
   343 | D:1      | Reached skill level 1 in Spellcasting
   361 | D:1      | Reached XP level 3. HP: 28/29 MP: 4/4
  1190 | D:2      | Reached XP level 4. HP: 37/37 MP: 6/6
  2252 | D:3      | Reached XP level 5. HP: 40/42 MP: 7/7
  2605 | D:3      | Found Unide's Magic Scroll Shoppe.
  2698 | D:3      | Bought a scroll of identify for 22 gold pieces
  2766 | D:3      | Noticed Sigmund
  2779 | D:3      | Killed Sigmund
  2780 | D:3      | Reached XP level 6. HP: 39/48 MP: 7/9
  3078 | D:4      | Found Komed's Antique Armour Shop.
  3092 | D:4      | Noticed an ogre
  3148 | D:3      | Slain by an ogre

Illustrated notes

Levels and vault maps discovered:
D:1:      sevenhm_arrival_forest_fort_large_4, layout_loops_ring
D:2:      layout_basic, st_stairs_6, interstate_on_off, minmay_octomino_e4
D:3:      minmay_razor_zed, layout_basic, serial_shops, shop_statue,
          uniq_sigmund
D:4:      layout_cave_pools, serial_shops, shop, grunt_decor_clamped

Skill      XL: |  1  2  3  4  5 |
---------------+----------------+-----
Spellcasting   | 1 2 |  2.4
Staves         | 3 4 |  4.3
Armour         | 4 |  4.3
Fighting       | 4 |  4.1
Dodging        | |  0.4
Shields        | |  4.7

Action                   |  1- 3 |  4- 6 || total
-------------------------+-------+-------++-------
Melee: Quarterstaff      |    72 |   122 ||   194
  Use: Scroll            |       |     5 ||     5
Armor: Scale mail        |     1 |       ||     1
       Ring mail         |    21 |       ||    21
       Chain mail        |     5 |    66 ||    71
Dodge: Dodged            |    31 |    59 ||    90
Block: Buckler           |    20 |    30 ||    50

Table legend: (Time is in decaauts)
 A = Elapsed time spent in this place.
 B = Non-inter-level travel time spent in this place.
 C = Inter-level travel time spent in this place.
 D = Time resting spent in this place.
 E = Time spent auto-exploring this place.
 F = Levels seen in this place.
 G = Mean time per level.
                   A        B        C        D        E       F      G
               +--------+--------+--------+--------+--------+-----+--------+
         Total |   3185 |   2986 |    199 |    198 |   1911 |   4 |  796.2 |
       Dungeon |   3185 |   2986 |    199 |    198 |   1911 |   4 |  796.2 |
               +--------+--------+--------+--------+--------+-----+--------+

Top non-repeatable levels by time:
     D:3: 1119 daAuts
     D:1: 1119 daAuts
     D:2: 872 daAuts
     D:4: 73 daAuts
